AoeStats
← t0lu

Arabia

508300020Analyzed
1v1 RM · 11d ago on Sep 21, 2026· 29m 9s· 2 players
Game mode
Random Map
Map size
Tiny (2 player)
Population
200
Speed
Normal
Resources
Standard
Victory
Conquest
Starting age
Dark Age
Ending age
Imperial Age
RankedLock teamsTeams togetherTeam positionsShared explorationLock speedFull tech treeHidden civsTurbo modeCheats
Victory
Defeat
🇦🇷 Celts · Argentina
945
+17
🇮🇹 Ethiopians · Italy
956
-17
t0lu
10:46 Feudal Age
11:06 Man-at-Arms
11:28 Horse Collar
11:36 Double-Bit Axe
12:15 Loom
18:05 Wheelbarrow
17:58 Arson
21:57 Castle Age
22:35 Long Swordsman
23:00 Gambesons
23:18 Gambesons
23:28 Gambesons
23:54 Gold Mining
24:17 Bow Saw
24:23 Scale Mail Armor
24:36 Forging
26:48 Fletching
28:19 Heavy Plow
Tussl80
8:15 Loom
10:20 Feudal Age
12:23 Double-Bit Axe
13:37 Fletching
20:15 Castle Age
20:17 Crossbowman
23:52 Thumb Ring
Connection lost

Rejoining the realm…

Still unreachable

The connection could not be restored.

Session expired

The server has moved on; the page needs a fresh start.